Map: 엔디온 잔해

Players

llllllllllll (Scarlett) - Winner!

  • Race: Zerg Zerg
  • League: Grandmaster

ZZZzzz

  • Race: Zerg Zerg
  • League: Master

VOD

Have the link to the VOD?

Description

Time

  • Played on: April 13, 2016, 5:48 a.m.
  • Length: 11:05
Show
View Real Time Build Order
Export as new Build Order

llllllllllll Zerg - Winner!

Build Orders: Hatch First, Lurkers 

Get SALT Encoding   

  12  0:00  Drone  
  13  0:08  Drone  
  14  0:17  Overlord  
  14  0:22  Drone, Extractor  
  15  0:36  Drone x2  
  17  0:51  Hatchery  
  17  0:57  Drone  
  17  0:58  Drone  
  18  1:11  Spawning Pool  
  18  1:13  Extractor  
  18  1:17  Drone  
  17  1:20  Drone  
  18  1:28  Drone  
  19  1:40  Overlord  
  19  1:56  Drone  
  19  2:00  Drone  
  21  2:04  Queen  
  21  2:07  Queen  
  25  2:09  Zergling x2  
  25  2:14  Drone  
  27  2:16  Drone  
  28  2:23  Metabolic Boost  
  28  2:26  Drone x2  
  30  2:39  Overlord  
  30  2:40  Queen  
  30  2:42  Queen  
  30  2:43  Zergling x2  
  35  2:48  Spine Crawler  
  34  2:59  Drone x2  
  34  3:02  Zergling x2  
  34  3:03  Zergling x2  
  34  3:05  Overlord  
  38  3:10  Drone  
  39  3:16  Drone x4  
  43  3:25  Lair  
  41  3:36  Zergling x4  
  41  3:38  Drone x3  
  46  3:42  Extractor  
  45  3:49  Drone  
  45  3:50  Drone  
  45  3:54  Drone x3  
  45  3:55  Drone  
  51  3:57  Overlord  
  51  3:58  Overlord  
  51  3:59  Extractor x2  
  51  4:00  Overlord  
  51  4:01  Drone  
  50  4:10  Drone  
  50  4:14  Overlord  
  51  4:18  Drone  
  51  4:24  Hatchery  
  51  4:25  Drone  
  51  4:30  Spire  
  51  4:35  Baneling Nest  
  50  4:40  Drone x2  
  52  4:48  Drone  
  52  4:49  Drone  
  52  4:50  Zergling x6  
  57  4:55  Spine Crawler  
  57  4:57  Spine Crawler  
  57  4:58  Spine Crawler  
  55  5:00  Spine Crawler  
  55  5:02  Queen  
  57  5:09  Spine Crawler  
  57  5:10  Spine Crawler  
  55  5:16  Zergling x4  
  55  5:20  Spine Crawler  
  56  5:33  Zergling x4  
  58  5:41  Mutalisk x6  
  69  5:45  Mutalisk  
  69  5:49  Mutalisk  
  73  5:58  Queen  
  73  6:04  Mutalisk  
  75  6:05  Drone  
  75  6:06  Drone x4  
  82  6:19  Evolution Chamber  
  81  6:26  Drone x2  
  81  6:27  Overlord  
  81  6:29  Hydralisk Den  
  82  6:35  Hatchery  
  82  6:39  Overlord  
  81  6:40  Drone  
  81  6:46  Zerg Missile Weapons Level 1  
  82  6:49  Drone  
  82  6:50  Drone x2  
  86  7:13  Lurker Den  
  85  7:22  Overlord  
  85  7:23  Drone x3  
  85  7:24  Drone x8, Hatchery  
  95  7:44  Hydralisk  
  95  7:45  Hydralisk  
  99  7:56  Drone x3  
  102  8:03  Overlord x4  
  102  8:06  Hydralisk x3  
  108  8:14  Overseer  
  108  8:16  Extractor  
  108  8:17  Extractor  
  106  8:22  Hydralisk x5  
  116  8:29  Hydralisk  
  116  8:30  Hydralisk x3  
  124  8:36  Drone  
  125  8:45  Hydralisk  
  125  8:46  Hydralisk x2  
  131  8:49  Lurker x4  
  135  9:04  Overlord x5  
  135  9:06  Lurker x2  
  135  9:08  Zergling x8  
  141  9:34  Zergling x16  
  141  9:35  Zergling x4  
  151  9:40  Lurker x5  
  139  10:04  Lurker x2  
  139  10:05  Lurker x3  
  139  10:09  Lurker  
  139  10:17  Drone x13  
  139  10:18  Drone  
  145  10:29  Zergling x6  
  145  10:33  Evolution Chamber  
  142  10:47  Hatchery  
Show
View Real Time Build Order
Export as new Build Order

ZZZzzz Zerg 

Build Orders: Hatch First 

Get SALT Encoding   

  12  0:01  Drone  
  13  0:12  Overlord  
  13  0:17  Drone  
  14  0:32  Drone  
  14  0:33  Drone  
  14  0:35  Drone  
  17  0:54  Drone, Hatchery  
  17  0:57  Drone  
  17  1:00  Extractor  
  17  1:14  Spawning Pool  
  17  1:16  Drone  
  17  1:20  Drone  
  18  1:28  Drone  
  19  1:39  Overlord  
  19  1:54  Drone  
  20  2:02  Metabolic Boost  
  20  2:03  Queen  
  20  2:05  Queen  
  20  2:06  Zergling x2  
  25  2:08  Zergling x2  
  25  2:15  Zergling x2  
  27  2:21  Drone  
  28  2:23  Baneling Nest  
  28  2:24  Drone  
  28  2:39  Drone x3  
  31  2:52  Hatchery  
  31  2:57  Hatchery  
  29  3:05  Drone, Overlord  
  31  3:07  Drone  
  31  3:09  Drone  
  33  3:13  Drone  
  33  3:14  Drone  
  35  3:25  Overlord  
  35  3:27  Drone x2  
  35  3:28  Drone  
  35  3:29  Drone x2  
  39  3:38  Roach Warren  
  38  3:41  Overlord  
  38  3:45  Zergling x4  
  38  3:46  Overlord  
  38  3:47  Zergling x2  
  41  3:50  Zergling x2  
  41  3:52  Zergling x4  
  44  4:04  Zergling x2  
  44  4:07  Zergling x2  
  44  4:08  Zergling x4  
  44  4:09  Zergling x2  
  49  4:21  Roach  
  49  4:22  Roach x6  
  63  4:24  Overlord  
  63  4:27  Roach  
  65  4:47  Roach x4  
  65  4:48  Overlord  
  73  4:53  Overlord x2  
  73  5:08  Zergling x2  
  73  5:10  Baneling Nest, Queen  
  73  5:13  Zergling x18  
  84  5:15  Zergling x2  
  85  5:25  Zergling x2  
  86  5:30  Overlord  
  86  5:32  Zergling x6  
  86  5:33  Zergling x2  
  89  5:43  Overlord  
  89  5:51  Drone  
  89  5:52  Drone x5  
  89  5:54  Drone x2  
  97  5:57  Lair  
  97  5:59  Overlord x2  
  97  6:11  Spore Crawler  
  95  6:12  Spore Crawler  
  95  6:13  Spore Crawler x2  
  95  6:14  Spore Crawler  
  95  6:17  Spore Crawler  
  88  6:22  Drone x3  
  90  6:25  Drone x3  
  90  6:26  Drone  
  90  6:29  Drone  
  93  6:32  Drone  
  93  6:33  Drone x2  
  93  6:39  Drone x3  
  92  6:47  Drone  
  92  6:48  Drone x5  
  92  6:53  Extractor  
  95  6:56  Evolution Chamber  
  95  6:58  Drone x4  
  95  6:59  Drone  
  95  7:00  Drone  
  95  7:01  Extractor  
  99  7:04  Extractor  
  98  7:13  Drone x8  
  106  7:18  Hydralisk Den  
  106  7:22  Infestation Pit  
  104  7:23  Zerg Missile Weapons Level 1  
  104  7:29  Overlord x2  
  104  7:33  Extractor  
  104  7:34  Extractor  
  98  7:37  Drone x6  
  101  7:47  Muscular Augments  
  101  7:51  Drone x8  
  109  7:58  Hive  
  109  8:03  Spore Crawler  
  108  8:07  Spore Crawler  
  108  8:08  Spore Crawler  
  108  8:10  Hydralisk x4  
  114  8:15  Overlord x2  
  114  8:21  Hydralisk x3  
  114  8:23  Hydralisk  
  114  8:26  Overlord  
  122  8:31  Overlord  
  122  8:32  Overlord  
  122  8:36  Hydralisk  
  122  8:37  Hydralisk x2  
  122  8:39  Pneumatized Carapace  
  126  8:50  Hydralisk x3  
  132  9:02  Hydralisk x2  
  131  9:03  Hydralisk x2  
  131  9:07  Overseer  
  139  9:12  Zergling x2  
  139  9:13  Zergling x14  
  146  9:22  Viper  
  148  9:36  Overseer  
  148  9:38  Hatchery, Roach x6  
  157  9:47  Overlord  
  157  9:48  Overlord x2  
  156  9:59  Baneling x2  
  153  10:06  Viper  
  148  10:09  Roach  
  148  10:10  Roach x9  
  160  10:21  Roach x2  
  161  10:22  Overseer  
  161  10:25  Spine Crawler x2  
  159  10:32  Roach x8  
Tags
 
Add a new tag
Caveats
  • Supply blocks, unpowered buildings, or Contaminate may cause inaccurate times.
  • Supply counts are checked every 10 seconds.